AoeStats
← Nefurious Weasel

Four Lakes

509273229Analyzed
1v1 RM · 7d ago on Sep 26, 2026· 48m 17s· 2 players
Game mode
Random Map
Map size
Tiny (2 player)
Population
200
Speed
Normal
Resources
Standard
Victory
Conquest
Starting age
Dark Age
Ending age
Imperial Age
RankedLock teamsTeams togetherTeam positionsShared explorationLock speedFull tech treeHidden civsTurbo modeCheats
Victory
Defeat
🇦🇺 Tupi · Australia
863
+16
🇺🇸 Persians · United States
858
-43
Nefurious Weasel
0:33 Loom
8:23 Loom
11:58 Feudal Age
15:51 Wheelbarrow
18:24 Double-Bit Axe
18:20 Horse Collar
25:17 Castle Age
26:54 Fletching
40:49 Gold Mining
40:50 Stone Mining
44:12 Imperial Age
43:15 Crossbowman
44:03 Thumb Ring
44:16 Thumb Ring
44:48 Citadels
45:36 Hoardings
45:27 Conscription
46:43 Chemistry
46:34 Padded Archer Armor
47:07 Ballistics
majesticdoorknob
5:40 Loom
13:09 Feudal Age
14:49 Wheelbarrow
14:01 Town Watch
16:13 Champi Runner
16:41 Arson
16:54 Double-Bit Axe
17:27 Fletching
18:22 Scale Mail Armor
20:58 Forging
20:44 Horse Collar
20:57 Stone Mining
22:26 Padded Archer Armor
22:34 Gold Mining
29:13 Castle Age
29:15 Pikeman
29:58 Squires
30:20 Chain Mail Armor
30:41 Iron Casting
30:02 Bodkin Arrow
30:23 Leather Archer Armor
31:18 Champi Warrior
32:22 Murder Holes
32:49 Ballistics
34:39 Caciques
35:04 Bow Saw
36:08 Treadmill Crane
37:52 Gold Shaft Mining
38:03 Guard Tower
38:59 Heavy Plow
41:09 Hand Cart
45:05 Imperial Age
45:09 Capped Ram
46:54 Chemistry
46:31 Keep
45:20 Halberdier
45:23 Elite Champi Warrior
46:42 Bracer
47:05 Conscription
47:18 Curare
Connection lost

Rejoining the realm…

Still unreachable

The connection could not be restored.

Session expired

The server has moved on; the page needs a fresh start.